 Dungeon Crawl Stone Soup version 0.18.1-47-g9310371 (webtiles) character file.

545 sveltemanboy the Cudgeler (level 7, -6/71 HPs)
             Began as an Ogre Hunter on June 17, 2016.
             Mangled by a phantom (8 damage)
             ... on level 5 of the Dungeon.
             The game lasted 00:11:10 (3893 turns).

sveltemanboy the Cudgeler (Ogre Hunter)             Turns: 3893, Time: 00:11:11

Health: -6/71      AC:  4    Str: 23 (25) XL:     7   Next: 27%
Magic:  7/7        EV: 10    Int:  8 (10) God:
Gold:   309        SH:  0    Dex:  9 (10) Spells: 0 memorised, 6 levels left

rFire  . . .     SeeInvis +     t - +0 mace
rCold  . . .     Gourm    .     b - +0 robe
rNeg   . . .     Faith    .     (no shield)
rPois  .         Spirit   .     (helmet restricted)
rElec  .         Dismiss  .     x - +0 cloak
rCorr  .         Reflect  .     (gloves unavailable)
SustAt .         Harm     .     (boots unavailable)
MR     .....                    (no amulet)
Stlth  +.........               (no ring)
                                y - ring of see invisible

@: mighty, lethally poisoned (-6 -> -10), very slightly contaminated, hasted,
very quick, not resistant to hostile enchantments, very unstealthy
A: unfitting armour, tough skin 1
a: no special abilities


You were on level 5 of the Dungeon.
You were not hungry.

You visited 1 branch of the dungeon, and saw 5 of its levels.

You collected 309 gold pieces.

Inventory:

Hand Weapons
 t - a +0 mace (weapon)
Missiles
 d - a throwing net (quivered)
 e - 176 stones
Armour
 b - a +0 robe (worn)
 x - a +0 cloak (worn)
Jewellery
 y - a ring of see invisible (left hand)
 z - an uncursed ring of ice
Wands
 v - a wand of confusion (25/48)
Scrolls
 a - 5 scrolls of recharging {unknown}
 g - 2 scrolls of enchant weapon {unknown}
 h - a scroll of fear {unknown}
 i - 4 scrolls of identify {unknown}
 k - a scroll of blinking {unknown}
 p - a scroll of random uselessness {unknown}
 q - 2 scrolls of teleportation {unknown}
 r - 7 scrolls of remove curse {unknown}
 s - 3 scrolls of immolation {unknown}
 B - a scroll of magic mapping {unknown}
 C - 2 scrolls of enchant armour {unknown}
 D - a scroll of fog {unknown}
 G - a scroll of amnesia {unknown}
Comestibles
 f - 4 bread rations
 j - 2 beef jerkies
 l - a meat ration
 u - a slice of pizza
 F - a chunk of flesh


   Skills:
 + Level 4.3 Fighting
 * Level 6.7 Maces & Flails
 + Level 5.7 Throwing
 - Level 2.5 Dodging
 - Level 0.7 Stealth


You had 6 spell levels left.
You didn't know any spells.

Dungeon Overview and Level Annotations

Branches:
Dungeon (5/15)
 Temple: D:4-7

Altars:
Cheibriados
Dithmenos
Fedhas
Kikubaaqudgha
Makhleb
Ru
Xom


Innate Abilities, Weirdness & Mutations

You are too large for most types of armour.
You have tough skin (AC +1).


Message History

* * * LOW HITPOINT WARNING * * *
You are poisoned.
The adder poisons you!
Drink which item? (? for menu, Esc to quit)
It was a potion of haste.
You feel yourself speed up.
You feel sick. The adder barely misses you. The phantom hits you.
* * * LOW HITPOINT WARNING * * *
You are very lightly contaminated with residual magic.
Drink which item? (? for menu, Esc to quit)
It was a potion of cure mutation.
It has a very clean taste.
You feel stronger.
Your molten scales disappear.
Your rate of healing slows.
The adder bites you.
* * * LOW HITPOINT WARNING * * *
You are lethally poisoned!
The adder poisons you!
Drink which item? (? for menu, Esc to quit)
It was a potion of might.
You feel very mighty all of a sudden. The phantom hits you!
You die...

#..............
#.............
###............
#..........########
#....#............#
#....#.#.###......#
####.#.#...#......#
......#.#..SW.(#...
....#.#.#..@......(
....#.# ########..(
.....#.. ..
.##.###..


You could see a phantom and an adder.

Vanquished Creatures
  A water moccasin (D:3)
  A sky beast (D:5)
  A crimson imp (D:5)
  2 hounds
  A centaur zombie (D:5)
  A giant frog skeleton (D:5)
  2 worker ants (D:5)
  2 hound skeletons
  3 gnolls (D:5)
  4 adders
  4 dart slugs (D:2)
  2 giant geckos
  2 orcs
  7 bats
  2 giant cockroaches (D:4)
  5 goblins
  2 hobgoblins (D:1)
  A jackal (D:1)
  9 kobolds
  2 quokkas
  A ball python (D:3)
  4 giant newts
  4 rats
63 creatures vanquished.

Notes
Turn   | Place    | Note
--------------------------------------------------------------
     0 | D:1      | sveltemanboy the Ogre Hunter began the quest for the Orb.
     0 | D:1      | Reached XP level 1. HP: 22/22 MP: 1/1
   437 | D:1      | Reached XP level 2. HP: 29/29 MP: 2/2
  1078 | D:2      | Reached skill level 1 in Maces & Flails
  1078 | D:2      | Reached XP level 3. HP: 34/37 MP: 3/3
  1116 | D:2      | Found a snail-covered altar of Cheibriados.
  1482 | D:2      | Reached skill level 2 in Maces & Flails
  1944 | D:3      | Reached XP level 4. HP: 29/45 MP: 4/4
  2134 | D:3      | Noticed a water moccasin
  2151 | D:3      | Killed a water moccasin
  2151 | D:3      | Reached skill level 4 in Maces & Flails
  2151 | D:3      | Reached XP level 5. HP: 53/53 MP: 5/5
  2193 | D:3      | Found a sacrificial altar of Ru.
  2555 | D:3      | Found an ancient bone altar of Kikubaaqudgha.
  2916 | D:4      | Found a shadowy altar of Dithmenos.
  2946 | D:4      | Reached skill level 5 in Maces & Flails
  2946 | D:4      | Reached skill level 5 in Throwing
  2955 | D:4      | Found a burning altar of Makhleb.
  2976 | D:4      | Reached XP level 6. HP: 51/61 MP: 6/6
  3263 | D:5      | Entered Level 5 of the Dungeon
  3429 | D:5      | Noticed a sky beast
  3431 | D:5      | Killed a sky beast
  3435 | D:5      | Gained mutation: Your natural rate of healing is unusually fast. [mutagenic meat]
  3437 | D:5      | Gained mutation: You are partially covered in molten scales (AC +1). [mutagenic meat]
  3439 | D:5      | Gained mutation: You are weak. (Str -2) [mutagenic meat]
  3479 | D:5      | Found a blossoming altar of Fedhas.
  3505 | D:5      | Reached skill level 6 in Maces & Flails
  3511 | D:5      | Found a shimmering altar of Xom.
  3582 | D:5      | Reached XP level 7. HP: 63/70 MP: 7/7
  3891 | D:5      | HP: 3/71 [phantom (2)]
  3892 | D:5      | Lost mutation: You are weak. (Str -2) [potion of cure mutation]
  3892 | D:5      | Lost mutation: You are partially covered in molten scales (AC +1). [potion of cure mutation]
  3892 | D:5      | Lost mutation: Your natural rate of healing is unusually fast. [potion of cure mutation]
  3893 | D:5      | Mangled by a phantom

Skill      XL: |  1  2  3  4  5  6 |
---------------+-------------------+-----
Dodging        | 2 |  2.5
Fighting       | 3 4 |  4.3
Maces & Flails | 1 2 4 5 6 |  6.7
Throwing       | 5 |  5.7
Stealth        | |  0.7

Action                   |  1- 3 |  4- 6 |  7- 9 || total
-------------------------+-------+-------+-------++-------
Melee: Unarmed           |    38 |       |       ||    38
       Whip              |    37 |       |       ||    37
       Mace              |    37 |    77 |    59 ||   173
Throw: Stone             |   130 |    23 |    17 ||   170
       Throwing net      |     5 |       |     1 ||     6
       Large rock        |     3 |     5 |     5 ||    13
  Use: Potion            |     2 |     2 |     7 ||    11
 Stab: Sleeping          |       |     1 |       ||     1
       Held in net/web   |       |       |     3 ||     3
  Eat: Chunk             |     3 |    11 |     1 ||    15
Armor: Robe              |    56 |    23 |    26 ||   105
Dodge: Dodged            |   100 |    37 |    46 ||   183
